 Dungeon Crawl Stone Soup version 0.30-a0-6-g7c9e10e132 (webtiles) character file.

Game seed: 11307252495898955518

7590 Flugkiller the Cleaver (level 10, -22/82 (93) HPs)
             Began as a Minotaur Fighter on Aug 22, 2022.
             Was a Believer of Qazlal.
             Killed from afar by Nergalle (34 damage)
             ... with a bolt of negative energy
             ... on level 10 of the Dungeon.
             The game lasted 00:04:37 (9408 turns).

Flugkiller the Cleaver (Minotaur Fighter)           Turns: 9408, Time: 00:04:38

HP:   -22/82 (93)   AC: 21    Str: 26    XL:     10   Next: 97%
MP:   12/12         EV:  7    Int:  5    God:    Qazlal [**....]
Gold: 458           SH:  8    Dex: 15    Spells: 9/9 levels left

rFire   . . .      SeeInvis .    a - +0 war axe
rCold   . . .      Faith    .    c - +0 buckler
rNeg    . . .      Spirit   .    h - +0 plate armour
rPois   .          Reflect  .    (helmet restricted)
rElec   .          Harm     .    F - +2 cloak
rCorr   .          Rampage  .    (no gloves)
Will    .....                    f - +2 pair of boots {Stlth+}
Stlth   ..........               l - amulet of the acrobat
HPRegen 0.23/turn                j - +4 ring of slaying
MPRegen 0.13/turn                w - +6 ring of strength

@: heavily drained
A: horns 2, retaliatory headbutt
a: Renounce Religion, Upheaval


You were on level 10 of the Dungeon.
You worshipped Qazlal.
Qazlal was pleased with you.
You visited 2 branches of the dungeon, and saw 12 of its levels.

You collected 638 gold pieces.
You spent 180 gold pieces at shops.

Inventory:

Hand Weapons
 a - a +0 war axe (weapon)
 B - a +1 battleaxe
   (You found it on level 5 of the Dungeon)
Missiles
 e - 2 throwing nets (quivered)
 I - 2 javelins
Armour
 c - a +0 buckler (worn)
 f - a +2 pair of boots of stealth (worn)
   (You bought it in a shop on level 6 of the Dungeon)
 h - a +0 plate armour (worn)
   (You took it off an orc warrior on level 7 of the Dungeon)
 F - a +2 cloak (worn)
   (You took it off Maurice on level 8 of the Dungeon)
Jewellery
 j - a +4 ring of slaying (left hand)
   (You found it on level 1 of the Dungeon)
 l - an amulet of the acrobat (around neck)
   (You found it on level 2 of the Dungeon)
 w - a +6 ring of strength (right hand)
   (You found it on level 4 of the Dungeon)
 E - an amulet of guardian spirit
   (You found it on level 8 of the Dungeon)
 G - a +6 ring of strength
   (You found it on level 8 of the Dungeon)
Wands
 b - a wand of iceblast (4)
   (You found it on level 9 of the Dungeon)
 J - a wand of light (5)
   (You found it on level 10 of the Dungeon)
Scrolls
 i - a scroll of brand weapon
 k - 2 scrolls of silence
 n - a scroll of immolation
 r - a scroll of enchant weapon
 t - 2 scrolls of teleportation
 x - a scroll of vulnerability {unknown}
 y - a scroll of summoning {unknown}
 C - a scroll of blinking {unknown}
Potions
 d - a potion of might
 g - 3 potions of attraction {unknown}
 m - a potion of brilliance {unknown}
 o - a potion of heal wounds {unknown}
 p - 2 potions of lignification
 q - 7 potions of curing
 s - 5 potions of flight {unknown}
 u - a potion of invisibility {unknown}
 v - a potion of haste {unknown}
 z - a potion of resistance {unknown}
 A - a potion of degeneration {unknown}
 D - a potion of ambrosia {unknown}
 H - a potion of cancellation {unknown}


   Skills:
 + Level 10.3 Fighting
 + Level 12.0 Axes
 + Level 10.2 Armour
 - Level 3.6 Shields
 - Level 4.0 Invocations
 - Level 6.0 Evocations


You had 9 spell levels left.
You didn't know any spells.
Your spell library was empty.

Dungeon Overview and Level Annotations

Branches:
Dungeon (11/15)            Temple (1/1) D:6            Lair (0/5) D:8
    Orc: D:9-12

Altars:
Ashenzari
Cheibriados
Dithmenos
Fedhas
Gozag
Hepliaklqana
Kikubaaqudgha
Nemelex Xobeh
Okawaru
Qazlal
Sif Muna
Trog
Uskayaw
Wu Jian
Xom
Yredelemnul
Zin
The Shining One

Shops:
D:5 !   D:6 [   D:8 =

Annotations:
D:10 Nergalle


Innate Abilities, Weirdness & Mutations

You have a pair of horns on your head.
You reflexively headbutt those who attack you in melee.


Message History

No target in view!
No target in view!
No target in view!
You see here a +0 long sword.
You open the door.
There is an open door here.
An orc zombie comes into view.
You hear a shout!
An orc zombie is nearby!
An orc zombie is nearby!
Nergalle the Soulbinder comes into view.
She is wielding a +0 dagger and wearing a +1 robe of cold resistance.
You slash the orc zombie!
You destroy the orc zombie!
Qazlal accepts your kill.
An orc zombie comes into view.
A goblin zombie comes into view.
Found 11 gold pieces.
You slash Nergalle!
You headbutt Nergalle, but do no damage.
Nergalle is lightly wounded.
Nergalle gestures at you while chanting.
Orcish apparitions take form around you.
You hit Nergalle. You headbutt Nergalle.
Nergalle is moderately wounded.
You hit the spectral orc knight but do no damage.
Nergalle shouts, "Kill, kill, my pretties!"
Nergalle hits you but does no damage.
You block the spectral orc warrior's attack.
The spectral orc knight hits you but does no damage.
You closely miss Nergalle. You headbutt Nergalle.
Nergalle is moderately wounded.
You hit the spectral orc knight. Nergalle hits you but does no damage.
A hobgoblin zombie comes into view.
You slash Nergalle!
Nergalle is heavily wounded.
You barely miss the spectral orc knight.
The spectral orc warrior barely misses you.
You block the spectral orc knight's attack.
Nergalle drinks a potion.
Nergalle is healed!
An ogre zombie comes into view.
You hit Nergalle. You headbutt Nergalle!
Nergalle is heavily wounded.
You hit the spectral orc knight. You hit the ogre zombie.
The spectral orc warrior barely misses you.
The spectral orc knight hits you with a +0 great sword!!
Nergalle completely misses you. The ogre zombie closely misses you.
You furiously retaliate!
You headbutt the ogre zombie! You closely miss Nergalle. You headbutt Nergalle!
Nergalle is severely wounded.
You hit the spectral orc knight but do no damage.
You slash the ogre zombie!
The spectral orc warrior hits you from afar with a +0 halberd!
You feel drained.
The spectral orc knight closely misses you.
Nergalle hits you but does no damage.
You barely miss Nergalle.
You headbutt Nergalle, but do no damage.
Nergalle is severely wounded.
You hit the spectral orc knight but do no damage.
You slash the ogre zombie!
You destroy the ogre zombie!
Qazlal accepts your kill.
The spectral orc warrior hits you from afar with a +0 halberd.
You feel drained.
The spectral orc knight hits you with a +0 great sword!
Nergalle hits you but does no damage.
You barely miss Nergalle.
You headbutt Nergalle, but do no damage.
Nergalle is severely wounded.
You hit the spectral orc knight.
The spectral orc knight hits you with a +0 great sword!
You feel drained.
The spectral orc warrior barely misses you.
Nergalle hits you but does no damage.
You are too injured to fight recklessly!
You are too injured to fight recklessly!
You are too injured to fight recklessly!
You are too injured to fight recklessly!
You are too injured to fight recklessly!
You are too injured to fight recklessly!
You are too injured to fight recklessly!
You are too injured to fight recklessly!
You are too injured to fight recklessly!
You are too injured to fight recklessly!
You are too injured to fight recklessly!
You slash Nergalle!
Nergalle is almost dead.
You hit the spectral orc knight.
The spectral orc knight hits you but does no damage.
You block the spectral orc warrior's attack.
You block Nergalle's attack.
You hit Nergalle.
Nergalle is almost dead.
You hit the spectral orc knight.
The spectral orc warrior completely misses you.
The spectral orc knight hits you with a +0 great sword!!
* * * LOW HITPOINT WARNING * * *
Nergalle gestures at you while chanting.
The bolt of negative energy hits you!!
You feel drained.
You die...

# #+##
###.### #..#
....ZZ.##..#
#o@#..#
#$Z##Z..# ##
##..#
##########..#
#...........#
#####'#######
###+ #.# ...
#.# .# ##.#


You could see Nergalle, a spectral orc warrior (summoned), a spectral orc knight
(summoned), a hobgoblin zombie and an orc zombie.

Vanquished Creatures
  Josephine (D:10)
  Joseph (D:10)
  Maurice (D:8)
  A troll (D:10)
  A slime creature (D:10)
  5 wraiths (D:10)
  A shadow (D:9)
  Eustachio (D:4)
  3 wyverns
  A steam dragon (D:8)
  2 water moccasins (D:8)
  3 orc warriors
  A black bear (D:5)
  4 ogres
  An ice beast (D:5)
  2 sky beasts
  4 centaurs
  5 kobold brigands
  3 gnoll sergeants (D:8)
  4 necrophages
  3 scorpions
  7 wights
  3 howler monkeys (D:9)
  4 electric eels (D:7)
  2 jellies
  9 hounds
  2 orc priests (D:8)
  2 gnoll boudas (D:8)
  8 iguanas
  5 orc wizards
  An ogre zombie (D:10)
  A human simulacrum (D:10)
  A mummy (D:8)
  6 gnolls (D:8)
  8 adders
  A shadow imp (D:7)
  2 white imps
  An ufetubus (D:5)
  A worm (D:5)
  5 dart slugs
  22 orcs
  8 ball pythons
  10 endoplasms
  4 giant cockroaches
  9 goblins
  13 hobgoblins
  10 jackals (D:1)
  29 kobolds
  A quokka (D:1)
  5 bats
  2 frilled lizards
  An orc zombie (D:10)
  6 rats
237 creatures vanquished.

Vanquished Creatures (others)
  An orc wizard (D:7)
  A human simulacrum (D:10)
  33 plants
35 creatures vanquished.

Grand Total: 272 creatures vanquished

Notes
Turn   | Place    | Note
-------+----------+-------------------------------------------
     0 | D:1      | Flugkiller the Minotaur Fighter began the quest for the
                  | Orb.
     0 | D:1      | Reached XP level 1. HP: 19/19 MP: 0/0
    84 | D:1      | Found a faded altar of an unknown god.
    87 | D:1      | Reached skill level 3 in Axes
    87 | D:1      | Reached XP level 2. HP: 27/27 MP: 1/1
   433 | D:1      | Reached XP level 3. HP: 33/33 MP: 2/2
   931 | D:2      | Reached skill level 4 in Axes
   931 | D:2      | Reached XP level 4. HP: 41/41 MP: 3/3
  2351 | D:4      | Reached XP level 5. HP: 21/47 MP: 4/4
  2583 | D:4      | Noticed Eustachio
  2590 | D:4      | Killed Eustachio
  2591 | D:4      | Reached skill level 5 in Fighting
  2591 | D:4      | Reached skill level 5 in Axes
  2591 | D:4      | Reached skill level 5 in Armour
  2591 | D:4      | Reached XP level 6. HP: 54/56 MP: 5/5
  2636 | D:4      | Reached skill level 6 in Axes
  2974 | D:4      | Identified the +1 shortbow "Sattar" {vorpal, rElec Str+8
                  | Dex-2 Stlth+}
  3140 | D:4      | Reached XP level 7. HP: 53/62 MP: 6/6
  3189 | D:5      | Entered Level 5 of the Dungeon
  3351 | D:5      | Reached skill level 7 in Axes
  3627 | D:5      | Reached skill level 8 in Axes
  3628 | D:5      | Reached XP level 8. HP: 50/71 MP: 7/7
  4006 | D:5      | Found Zufeo's Distillery.
  4019 | D:5      | Bought a potion of curing for 30 gold pieces
  4145 | D:6      | Reached skill level 9 in Axes
  4373 | D:6      | Found Xumir's Antique Armour Boutique.
  4386 | D:6      | Bought a pair of glowing boots for 150 gold pieces
  4402 | D:6      | Found a staircase to the Ecumenical Temple.
  4419 | Temple   | Entered the Ecumenical Temple
  4446 | Temple   | Became a worshipper of Qazlal Stormbringer
  4899 | D:7      | Reached skill level 10 in Axes
  5323 | D:7      | Reached skill level 1 in Invocations
  5323 | D:7      | Reached skill level 1 in Evocations
  5323 | D:7      | Reached XP level 9. HP: 64/81 MP: 7/9
  5539 | D:7      | Found an opulent altar of Gozag.
  5548 | D:7      | Found a shimmering altar of Xom.
  5548 | D:7      | Found a basalt altar of Yredelemnul.
  5548 | D:7      | Found a shimmering blue altar of Sif Muna.
  5549 | D:7      | Found an iron altar of Okawaru.
  6541 | D:8      | Found a snail-covered altar of Cheibriados.
  6718 | D:8      | Reached * piety under Qazlal
  6767 | D:8      | Reached skill level 5 in Evocations
  7356 | D:8      | Found a staircase to the Lair.
  7369 | D:8      | Noticed Maurice
  7380 | D:8      | Killed Maurice
  7381 | D:8      | Reached XP level 10. HP: 89/89 MP: 12/12
  7445 | D:8      | Found a hazy altar of Hepliaklqana.
  7487 | D:8      | Found Ihiff's Jewellery Boutique.
  7844 | D:9      | Reached ** piety under Qazlal
  8007 | D:9      | Identified the +3 long sword of the Last Runes {vorpal,
                  | rC+}
  8009 | D:9      | Identified the +9 long sword of Uniuc {venom, Fragile rN+
                  | Int+4 Dex+4}
  8270 | D:9      | You fall into a shaft and drop 2 floors!
  8311 | D:10     | Entered Level 10 of the Dungeon
  8320 | D:10     | Identified the +0 chain mail "Nigyam" {rElec Dex+3}
  8588 | D:9      | Reached skill level 11 in Axes
  9036 | D:10     | Noticed Joseph
  9048 | D:10     | Killed Joseph
  9333 | D:10     | Noticed Josephine
  9340 | D:10     | Killed Josephine
  9341 | D:10     | Reached skill level 10 in Fighting
  9341 | D:10     | Reached skill level 10 in Armour
  9347 | D:10     | Reached skill level 12 in Axes
  9396 | D:10     | Noticed Nergalle
  9408 | D:10     | Killed from afar by Nergalle

Illustrated notes

Levels and vault maps discovered:
D:1:      saegor_arrival_simple_b, layout_loops_ring,
          chequers_ecumenical_altar_simple
D:2:      layout_basic
D:3:      layout_basic
D:4:      layout_basic, uniq_eustachio
D:5:      minmay_razor_zed, layout_gridville, serial_glass, glass_columns_a,
          glass_columns_a, glass_columns_a, glass_columns_c, serial_shops,
          nicolae_shop_hallway_plus
D:6:      layout_basic, temple_fountains, serial_shops, nicolae_stop_n_shop_2
D:7:      layout_loops_ring, minitemple, serial_bayou_lagoon_b
D:8:      kennysheep_housing_project, layout_basic, slow_altar_1,
          nicolae_overflow_hidden_temple, lair_entry_dummy, serial_shops, shop,
          uniq_maurice
D:9:      layout_basic
D:10:     layout_roguey, zombieorc1_lemuel, bh_circular_ruins, uniq_nergalle,
          uniq_joseph, uniq_josephine
D:11:     layout_irregular_city
Temple:   eino_wide_crystal_templ

Skill      XL: |  1  2  3  4  5  6  7  8  9 10 |
---------------+-------------------------------+-----
Axes           | 3 4 5 6 8 10 12 | 12.0
Fighting       | 4 5 6 7 8 10 | 10.3
Armour         | 4 5 6 7 8 10 | 10.2
Invocations    | 1 4 |  4.0
Evocations     | 1 6 |  6.0
Shields        | |  3.6

Action                   |  1- 3 |  4- 6 |  7- 9 | 10-12 || total
-------------------------+-------+-------+-------+-------++-------
Melee: War axe           |    54 |    67 |   219 |   111 ||   451
       Headbutt          |     9 |    15 |    36 |    31 ||    91
Evoke: Wand              |       |       |     1 |       ||     1
  Use: Scroll            |       |       |     7 |     1 ||     8
Armor: Scale mail        |    18 |    23 |    28 |       ||    69
       Plate armour      |       |       |    68 |    41 ||   109
Dodge: Dodged            |    28 |    44 |   101 |    45 ||   218
Block: Buckler           |    11 |    12 |    57 |    34 ||   114

Table legend: (Time is in decaauts)
 A = Elapsed time spent in this place.
 B = Non-inter-level travel time spent in this place.
 C = Inter-level travel time spent in this place.
 D = Time resting spent in this place.
 E = Time spent auto-exploring this place.
 F = Levels seen in this place.
 G = Mean time per level.
                   A        B        C        D        E       F      G
               +--------+--------+--------+--------+--------+-----+--------+
         Total |   9482 |   9208 |    274 |   1315 |   6602 |  12 |  790.2 |
       Dungeon |   9441 |   9179 |    262 |   1315 |   6589 |  11 |  858.3 |
        Temple |     40 |     28 |     12 |      0 |     13 |   1 |   40.0 |
               +--------+--------+--------+--------+--------+-----+--------+

Top non-repeatable levels by time:
     D:7: 1509 daAuts
     D:8: 1465 daAuts
     D:3: 1029 daAuts
     D:9: 950 daAuts
     D:5: 942 daAuts
     D:1: 907 daAuts
     D:4: 863 daAuts
     D:6: 711 daAuts
    D:10: 595 daAuts
     D:2: 426 daAuts
    D:11: 40 daAuts
  Temple: 40 daAuts
